 Dungeon Crawl Stone Soup version 0.31.0-9-g3a7656b989 (webtiles) character file.

Game seed: 15604199821581791392

11907 Flesh177 the Spear-Bearer (level 11, -3/81 HPs)
             Began as a Demonspawn Berserker on Jan 27, 2024.
             Was a Priest of Trog.
             Slain by a deep troll (15 damage)
             ... on level 1 of the Lair of Beasts.
             The game lasted 00:29:35 (11798 turns).

Flesh177 the Spear-Bearer (Demonspawn Berserker)   Turns: 11798, Time: 00:29:36

Health: -3/81      AC:  7    Str: 21    XL:     11   Next: 55%
Magic:  11/11      EV: 11    Int:  8    God:    Trog [***...]
Gold:   224        SH: 11    Dex: 13    Spells: 10/10 levels left

rFire   . . .        F - +2 spear (venom)
rCold   . . .        D - +0 kite shield
rNeg    . . .        I - +0 steam dragon scales
rPois   .            (helmet unavailable)
rElec   .            (no cloak)
rCorr   .            (no gloves)
SInv    .            (no boots)
Will    .....        (no amulet)
Stlth   +            (no ring)
HPRegen 0.33/turn    (no ring)
MPRegen 0.12/turn

%: no passive effects
@: marked, on berserk cooldown, slowed, very slow
A: horns 3, spiny 1, sharp scales 1
a: Renounce Religion, Berserk, Trog's Hand


You were on level 1 of the Lair of Beasts.
You worshipped Trog.
Trog was most pleased with you.
You visited 2 branches of the dungeon, and saw 11 of its levels.

You collected 523 gold pieces.
You spent 299 gold pieces at shops.

Inventory:

Hand Weapons
 a - a +0 spear
 w - a +0 trident
 F - a +2 spear of venom (weapon)
Missiles
 s - 68 stones
 v - 29 poisoned darts
 A - 8 boomerangs
 C - 2 curare-tipped darts
 E - 2 throwing nets
 H - 6 darts of dispersal
Armour
 d - a +0 ring mail
 y - a +0 scale mail
 D - a +0 kite shield (worn)
 I - +0 steam dragon scales (worn)
Wands
 q - a wand of flame (5)
 u - a wand of acid (8)
 x - a wand of digging (2)
 B - a wand of roots (36) (quivered)
Scrolls
 c - a scroll of identify
 e - 5 scrolls of teleportation
 f - 4 scrolls of vulnerability
 i - 3 scrolls of blinking
 j - 2 scrolls of poison
 n - 3 scrolls of brand weapon
 o - 3 scrolls of fear
 K - 2 scrolls of revelation
 L - a scroll of noise {unknown}
 N - a scroll of immolation {unknown}
 O - a scroll of enchant armour {unknown}
Potions
 b - 3 potions of haste
 g - 2 potions of resistance
 h - a potion of lignification {unknown}
 k - 2 potions of degeneration
 l - 3 potions of might
 m - a potion of berserk rage
 p - 2 potions of brilliance
 r - 9 potions of curing
 t - a potion of attraction {unknown}
 z - a potion of invisibility {unknown}
 G - 2 potions of heal wounds
 J - 4 potions of enlightenment
 M - a potion of magic {unknown}


   Skills:
 - Level 6.0 Fighting
 + Level 10.5 Polearms
 - Level 5.0 Armour
 - Level 1.7 Dodging
 * Level 9.5 Shields
 - Level 8.0 Evocations


You had 10 spell levels left.
You didn't know any spells.
Your spell library was empty.

Dungeon Overview and Level Annotations

Branches:
Dungeon (10/15)            Temple (0/1) D:7            Lair (1/5) D:10
    Orc (0/2) D:9

Altars:
Ashenzari
Dithmenos
Kikubaaqudgha
Nemelex Xobeh
Sif Muna

Shops:
D:2 :   D:7 !*   D:9 ?

Annotations:
D:5 1 runed translucent door, paps's ghost, novice OpSh
Lair:1 Maggie


Innate Abilities, Weirdness & Mutations

You have a pair of large horns on your head.
You are partially covered in sharp spines.
You are partially covered in razor-sharp scales. (AC +1, Slay +1)


Message History

You barely miss the cane toad.
The cane toad is moderately wounded.
The water moccasin is struck by your spines.
The water moccasin bites you.
* * * LOW HITPOINT WARNING * * *
You puncture the cane toad!
The cane toad is heavily wounded.
A black bear comes into view.
Maggie casts a spell.
The water moccasin is struck by your spines.
The water moccasin barely misses you.
You closely miss the cane toad. You headbutt the cane toad!
The cane toad is almost dead.
The cane toad completely misses you. You block the water moccasin's attack.
You puncture the cane toad!
You kill the cane toad!
Trog accepts your kill. The water moccasin bites you.
* * * LOW HITPOINT WARNING * * *
You are poisoned.
The water moccasin poisons you!
You miss the water moccasin. You headbutt the water moccasin!
The water moccasin is severely wounded.
* * * LOW HITPOINT WARNING * * *
You feel sick.
You puncture the water moccasin!
You kill the water moccasin!
Trog accepts your kill.
* * * LOW HITPOINT WARNING * * *
You feel sick.
You block the water moccasin's attack. x2
You miss the water moccasin.
The water moccasin is moderately wounded.
You are no longer berserk.
You are exhausted.
You feel yourself slow down.
* * * LOW HITPOINT WARNING * * *
You feel sick.
You feel better. The water moccasin barely misses you.
The water moccasin closely misses you. The deep troll bites you!
You die...

#.......## #........#
#........# # ###......## #
### #.......# ###
###.####.......#####.# #
......##........##...## #.##
........#.......SS@...#P....
...............T@#..........
................†...........
#....................h......
##P...............).........
####..........#............
#####...........P.......
###.................
##.................
#..................


You could see Maggie, a deep troll, 2 water moccasins and a black bear.

Vanquished Creatures
  An ugly thing (D:9)
  A black mamba (Lair:1)
  Joseph (D:9)
  2 cane toads (Lair:1)
  A komodo dragon (D:10)
  2 hornets (D:9)
  Grinder (D:4)
  2 vampires (D:10)
  A wraith (D:10)
  3 wyverns
  2 shadows (D:9)
  19 yaks
  Grum (D:9)
  2 steam dragons
  2 wargs (D:9)
  6 water moccasins
  3 orc warriors
  3 black bears
  8 wolves
  5 centaurs
  An ogre (D:7)
  2 gnoll sergeants
  4 kobold brigands
  5 bullfrogs
  6 scorpions
  11 killer bees
  2 electric eels (D:9)
  2 bombardier beetles
  3 jellies (D:5)
  3 orc priests
  4 hounds
  2 gnoll boudas (D:6)
  A sleepcap (D:4)
  Terence (D:2)
  5 orc wizards
  Ijyb (D:4)
  3 iguanas
  19 gnolls
  12 adders
  A shadow imp (D:7)
  A white imp (D:7)
  2 ufetubi (D:6)
  4 ribbon worms
  3 dart slugs
  36 orcs
  3 ball pythons
  2 bats
  4 endoplasms
  7 giant cockroaches
  6 goblins
  6 hobgoblins
  2 jackals (D:1)
  26 kobolds
  A quokka (D:1)
  2 frilled lizards (D:2)
  3 rats
262 creatures vanquished.

Notes
Turn   | Place    | Note
-------+----------+-------------------------------------------
     0 | D:1      | Flesh177 the Demonspawn Berserker began the quest for the
                  | Orb.
     0 | D:1      | Reached XP level 1. HP: 18/18 MP: 1/1
   133 | D:1      | Reached skill level 3 in Polearms
   260 | D:1      | Gained mutation: You have a pair of small horns on your
                  | head. [demonic ancestry]
   260 | D:1      | Reached XP level 2. HP: 24/24 MP: 2/2
   776 | D:2      | Reached XP level 3. HP: 17/29 MP: 3/3
   836 | D:2      | Found Bicio's Book Shop.
  1009 | D:2      | Reached skill level 4 in Polearms
  1059 | D:2      | Reached ** piety under Trog
  1149 | D:2      | Noticed Terence
  1156 | D:2      | Killed Terence
  1157 | D:2      | Reached XP level 4. HP: 35/35 MP: 4/4
  1940 | D:3      | Reached skill level 5 in Polearms
  1940 | D:3      | Gained mutation: You are partially covered in razor-sharp
                  | scales. (AC +1, Slay +1) [demonic ancestry]
  1940 | D:3      | Reached XP level 5. HP: 41/41 MP: 5/5
  2256 | D:3      | Reached skill level 6 in Polearms
  2343 | D:3      | Found a faded altar of an unknown god.
  2454 | D:3      | Gained mutation: You have a pair of horns on your head.
                  | [demonic ancestry]
  2454 | D:3      | Reached XP level 6. HP: 47/47 MP: 6/6
  2621 | D:4      | Noticed Grinder
  2640 | D:4      | Killed Grinder
  2641 | D:4      | Reached skill level 7 in Polearms
  2641 | D:4      | Reached XP level 7. HP: 52/52 MP: 7/7
  2754 | D:4      | Noticed a yak
  2754 | D:4      | Noticed a yak
  2755 | D:4      | Noticed a yak
  2763 | D:4      | Killed a yak
  2764 | D:4      | Reached skill level 8 in Polearms
  2769 | D:4      | Killed a yak
  2780 | D:4      | Killed a yak
  2804 | D:4      | Found a shadowy altar of Dithmenos.
  2895 | D:4      | Reached XP level 8. HP: 60/60 MP: 8/8
  3184 | D:4      | Found a sparkling altar of Nemelex Xobeh.
  3225 | D:4      | Noticed Ijyb
  3239 | D:4      | Killed Ijyb
  3606 | D:4      | Reached skill level 5 in Fighting
  3864 | D:5      | Entered Level 5 of the Dungeon
  4169 | D:5      | Found a shimmering blue altar of Sif Muna.
  4483 | D:5      | Found a runed translucent door.
  4488 | D:5      | Noticed paps's ghost (novice OpSh)
  4652 | D:6      | Reached skill level 5 in Armour
  4655 | D:6      | Reached skill level 1 in Evocations
  5020 | D:6      | Gained mutation: You are partially covered in sharp spines.
                  | [demonic ancestry]
  5020 | D:6      | Reached XP level 9. HP: 62/69 MP: 9/9
  5574 | D:6      | Reached skill level 5 in Evocations
  6101 | D:7      | Found Petila's Distillery.
  6174 | D:7      | Bought a potion of curing for 39 gold pieces
  6174 | D:7      | Bought a potion of curing for 39 gold pieces
  6174 | D:7      | Bought a potion of curing for 39 gold pieces
  6174 | D:7      | Bought a potion of haste for 130 gold pieces
  6215 | D:7      | Found Baerysui's CLEARANCE SALE!.
  6481 | D:7      | Found an ancient bone altar of Kikubaaqudgha.
  6901 | D:7      | Found a staircase to the Ecumenical Temple.
  7458 | D:8      | Reached skill level 1 in Shields
  7742 | D:8      | Identified the +3 robe "Rocuoture" {rC++ Regen+ Str-2
                  | Stlth+}
  8095 | D:9      | Reached XP level 10. HP: 76/76 MP: 10/10
  8387 | D:9      | Noticed a brown ugly thing
  8394 | D:9      | Killed a brown ugly thing
  8570 | D:9      | Reached skill level 5 in Shields
  8792 | D:9      | Reached skill level 9 in Polearms
  9162 | D:9      | Reached *** piety under Trog
  9228 | D:9      | Identified the +1 scale mail of Oczugeakk {rF+}
  9240 | D:9      | Found a staircase to the Orcish Mines.
  9293 | D:9      | Noticed Joseph
  9305 | D:9      | Killed Joseph
  9799 | D:9      | Noticed Grum
  9808 | D:9      | Killed Grum
 10049 | D:9      | Gained mutation: You have a pair of large horns on your
                  | head. [demonic ancestry]
 10049 | D:9      | Reached XP level 11. HP: 79/81 MP: 11/11
 10065 | D:9      | Found Ivvomu's Magic Scroll Emporium.
 10201 | D:9      | Bought a scroll of identify for 26 gold pieces
 10201 | D:9      | Bought a scroll of identify for 26 gold pieces
 10358 | D:10     | Entered Level 10 of the Dungeon
 10596 | D:10     | Found a staircase to the Lair.
 10876 | D:10     | Found a broken altar of Ashenzari.
 11135 | D:10     | Reached skill level 10 in Polearms
 11451 | Lair:1   | Entered Level 1 of the Lair of Beasts
 11774 | Lair:1   | Noticed Maggie
 11783 | Lair:1   | Noticed a deep troll
 11798 | Lair:1   | Slain by a deep troll

Illustrated notes

Levels and vault maps discovered:
D:1:      saegor_arrival_miasma, layout_basic
D:2:      minmay_inner_zag, layout_basic, serial_shops, shop, uniq_terence,
          uniq_crazy_yiuf_cottage
D:3:      layout_rooms, shapermc_ecumenical_altar_notcrosses,
          nicolae_twisty_statue_hallways
D:4:      layout_loops_ring, nemelex_spade_bored_becter,
          mainiacjoe_overflow_catwalk_spiral, kennysheep_big_empty_room,
          uniq_ijyb, uniq_grinder
D:5:      layout_rooms, mainiacjoe_overflow_alcove_2,
          ebering_ghost_reflecting_pool
D:6:      layout_loops_cross, nicolae_overflow_crystal_walls,
          mumra_transporter_accident
D:7:      layout_basic, kennysheep_mini, lemuel_temple_firewalk_a, serial_shops,
          shop, nicolae_shop_clearance
D:8:      layout_basic
D:9:      layout_basic, elyvilon_altar_3, david_orc_1_choice, serial_shops,
          shop, serial_bayou_pond_b, uniq_grum, uniq_joseph
D:10:     layout_cave_pools, mainiacjoe_overflow_brackets, david_lair_shrubbed
Lair:1:   dreamdust_cave_troll, layout_hall_layers,
          nicolae_quartered_pool_impasse, grunt_megastairs_1, uniq_maggie

Skill      XL: |  1  2  3  4  5  6  7  8  9 10 11 |
---------------+----------------------------------+-----
Polearms       | 3 4 5 6 7 8 9 10 | 10.5
Armour         | 3 5 |  5.0
Fighting       | 4 6 |  6.0
Evocations     | 4 8 |  8.0
Shields        | 3 7 9 |  9.5
Dodging        | |  1.7

Action                     |  1- 3 |  4- 6 |  7- 9 | 10-12 || total
---------------------------+-------+-------+-------+-------++-------
  Melee: Spear             |   106 |   129 |   232 |   323 ||   790
         Headbutt          |    11 |    11 |    56 |    70 ||   148
         Punch             |     1 |     1 |     2 |       ||     4
         Trident           |       |       |   120 |       ||   120
 Invoke: Berserk           |     1 |     6 |    19 |    11 ||    37
         Trog's Hand       |       |     2 |     6 |     4 ||    12
  Evoke: Wand              |       |       |    10 |     5 ||    15
    Use: Scroll            |       |       |       |    12 ||    12
         Potion            |       |       |       |     1 ||     1
   Stab: Sleeping          |     1 |       |       |       ||     1
 Armour: Ring mail         |    34 |    49 |   103 |       ||   186
         Animal skin       |     3 |       |       |       ||     3
         Scale mail        |       |       |    47 |    67 ||   114
         Steam dragon scal |       |       |       |    68 ||    68
  Dodge: Dodged            |    37 |    31 |    95 |    55 ||   218
  Block: Kite shield       |       |       |    32 |    66 ||    98
